 Dungeon Crawl Stone Soup version 0.29.1-2-gbd0b4ee654 (webtiles) character file.

Game seed: 6435047245957074286

4 Goreval the Insei (level 1, 0/15 HPs)
             Began as a Merfolk Transmuter on Nov 10, 2022.
             Constricted to death by a ball python (1 damage)
             ... on level 1 of the Dungeon.
             The game lasted 00:00:37 (100 turns).

Goreval the Insei (Merfolk Transmuter)               Turns: 100, Time: 00:00:37

Health: 0/15       AC:  2    Str: 10    XL:     1   Next: 60%
Magic:  2/3        EV:  9    Int: 12    God:
Gold:   0          SH:  0    Dex: 14    Spells: 3/4 levels left

rFire   . . .      SeeInvis .     - Unarmed
rCold   . . .      Faith    .   (no shield)
rNeg    . . .      Spirit   .   a - +0 robe
rPois   .          Reflect  .   (helmet currently unavailable)
rElec   .          Harm     .   (no cloak)
rCorr   .          Rampage  .   (no gloves)
Will    .....                   (boots currently unavailable)
Stlth   +.........              (no amulet)
HPRegen 0.05/turn               (no ring)
MPRegen 0.08/turn               (no ring)

@: appendages (expiring), constricted
A: horns 2, (nimble swimmer 2), mertail
a: End Transformation


You were on level 1 of the Dungeon.
You had temporarily grown beastly horns.
You visited 1 branch of the dungeon, and saw 1 of its levels.

Inventory:

Armour
 a - a +0 robe (worn)
Potions
 b - a potion of lignification
 c - a potion of mutation {unknown}


   Skills:
 + Level 1.1 Fighting
 + Level 2.7 Dodging
 * Level 3.3 Unarmed Combat
 + Level 2.0 Spellcasting
 * Level 2.9 Transmutations


You had 3 spell levels left.
You knew the following spells:

 Your Spells              Type           Power      Damage    Failure   Level
a - Beastly Appendage     Tmut           16%        N/A       9%          1

Your spell library contained the following spells:

 Spells                   Type           Power      Damage    Failure   Level
 Wereblood                Tmut           8%         N/A       12%         2
 Spider Form              Tmut/Pois      4%         N/A       41%         3
 Ice Form                 Ice/Tmut       4%         N/A       83%         4


Dungeon Overview and Level Annotations

Branches:
Dungeon (1/15)

Altars:


Innate Abilities, Weirdness & Mutations

You have temporarily grown beastly horns.
((You are very nimble when in or above water. (Stealth+, EV+, Speed+++)))
Your lower body shifts to a powerful aquatic tail in water.


Message History

An endoplasm comes into view.
The endoplasm quivers.
You see here a murky silvery potion.
c - a murky silvery potion The ball python closely misses you.
The ball python grabs you. The ball python constricts you.
You escape the ball python's grasp.
The endoplasm attacks as you move away! The endoplasm barely misses you.
Things that are here:
a +0 dagger; a kobold corpse You grow a pair of large bovine horns.
The endoplasm barely misses you.
You barely miss the endoplasm. The endoplasm freezes you.
You are frozen.
Unknown command.
You hit the endoplasm but do no damage.
You headbutt the endoplasm, but do no damage.
The endoplasm freezes you.
You are frozen.
You are too injured to fight recklessly!
You hit the endoplasm.
Your transformation is almost over.
The endoplasm freezes you.
You are frozen.
* * * LOW HITPOINT WARNING * * *
You barely miss the endoplasm. The endoplasm closely misses you.
You barely miss the endoplasm. The endoplasm closely misses you.
You hit the endoplasm.
You kill the endoplasm!
You closely miss the ball python. The ball python bites you.
* * * LOW HITPOINT WARNING * * *
The ball python grabs you. The ball python constricts you.
You hit the ball python.
The ball python bites you but does no damage.
The ball python constricts you. The ball python bites you.
* * * LOW HITPOINT WARNING * * *
The ball python constricts you.
You die...

#...... .....
.... #..#
#..# #..#
#..# #####..#
#..@S..#
#.####.......
###.# .##....
#### ###...#
## ... 8.8###
#...### ##
.....#
####.###
.....###....#
.8...##..####
.....##.##


You could see a ball python.

Vanquished Creatures
  An endoplasm (D:1)
  A giant cockroach (D:1)
  A kobold (D:1)
  A rat (D:1)
4 creatures vanquished.

Notes
Turn   | Place    | Note
-------+----------+-------------------------------------------
     0 | D:1      | Goreval the Merfolk Transmuter began the quest for the Orb.
     0 | D:1      | Reached XP level 1. HP: 15/15 MP: 3/3
   100 | D:1      | Constricted to death by a ball python

Illustrated notes

Levels and vault maps discovered:
D:1:      mrwooster_arrival_statue_3, layout_rooms, minmay_pentomino_z4

Action                   || total
-------------------------++-------
Melee: Unarmed           ||    18
       Headbutt          ||     2
 Cast: Beastly Appendage ||     2
Armor: Robe              ||     3
Dodge: Dodged            ||     9
